 Dungeon Crawl Stone Soup version 0.29.1-13-g9f3cf754e1 (webtiles) character file.

Game seed: 4863919444670188922

609 Oxelix the Skirmisher (level 7, 0/62 HPs)
             Began as a Minotaur Hunter on Feb 2, 2023.
             Killed from afar by an orc wizard (7 damage)
             ... with a puff of flame
             ... on level 4 of the Dungeon.
             The game lasted 00:07:05 (3679 turns).

Oxelix the Skirmisher (Minotaur Hunter)             Turns: 3679, Time: 00:07:06

Health: 0/62       AC:  8    Str: 12 (14) XL:     7   Next: 19%
Magic:  6/6        EV: 12    Int:  7 (10) God:
Gold:   144        SH:  0    Dex: 15      Spells: 6/6 levels left

rFire   . . .      SeeInvis .   a - +0 shortbow
rCold   . . .      Faith    .   (shield currently unavailable)
rNeg    . . .      Spirit   .   h - +1 animal skin
rPois   +          Reflect  .   (helmet restricted)
rElec   .          Harm     .   j - +0 cloak {Will+}
rCorr   .          Rampage  .   (no gloves)
Will    +....                   (no boots)
Stlth   ++........              (no amulet)
HPRegen 0.20/turn               i - ring of poison resistance
MPRegen 0.10/turn               m - +4 ring of protection

@: no status effects
A: horns 2, retaliatory headbutt, clever 1, poison resistance
a: no special abilities


You were on level 4 of the Dungeon.
You visited 1 branch of the dungeon, and saw 4 of its levels.

You collected 144 gold pieces.

Inventory:

Hand Weapons
 a - a +0 shortbow (weapon)
Missiles
 l - 4 poisoned darts
 s - a throwing net
Armour
 c - a +0 leather armour
 h - a +1 animal skin (worn)
 j - a +0 cloak of willpower (worn)
Jewellery
 i - a ring of poison resistance (left hand)
 m - a +4 ring of protection (right hand)
 o - a ring of see invisible
 q - a +6 ring of intelligence
Scrolls
 b - a scroll of immolation
 d - 3 scrolls of teleportation {unknown}
 e - 2 scrolls of fear {unknown}
 f - 5 scrolls of identify
 g - 3 scrolls of butterflies
 k - a scroll of poison {unknown}
 p - a scroll of enchant armour {unknown}


   Skills:
 + Level 5.8 Fighting
 * Level 8.3 Ranged Weapons
 - Level 2.1 Dodging
 - Level 0.7 Stealth


You had 6 spell levels left.
You didn't know any spells.
Your spell library contained the following spells:

 Spells                   Type           Power      Damage    Failure   Level
 Shock                    Conj/Air       0%         1d3       43%         1
 Blink                    Tloc           0%         N/A       56%         2
 Lesser Beckoning         Tloc           0%         N/A       80%         3
 Ozocubu's Armour         Ice            0%         N/A       80%         3
 Swiftness                Air            0%         N/A       80%         3
 Airstrike                Air            0%         2d(0-16)  99%         4
 Manifold Assault         Tloc           0%         N/A       100%        5
 Metabolic Englaciation   Hex/Ice        0%         N/A       100%        5
 Simulacrum               Ice/Necr       0%         N/A       100%        6


Dungeon Overview and Level Annotations

Branches:
Dungeon (4/15)
 Temple: D:4-7

Altars:
Hepliaklqana
Okawaru


Innate Abilities, Weirdness & Mutations

You have a pair of horns on your head.
You reflexively headbutt those who attack you in melee.
Your mind is acute. (Int +4, Str/Dex -1)
Your system is resistant to poisons. (rPois)


Message History

Fire: a) +0 shortbow
Press: ? - help, Q - select action, (/) - cycle Shift-Dir - straight line You shoot an arrow.
You feel very sick. Something hits you.
You are more poisoned.
Fire: a) +0 shortbow
Press: ? - help, Q - select action, (/) - cycle Shift-Dir - straight line You shoot an arrow.
You feel very sick. Something hits you but does no damage.
Unknown command.
Fire: a) +0 shortbow
Press: ? - help, Q - select action, (/) - cycle Shift-Dir - straight line You shoot an arrow.
You feel very sick. Something hits you.
It was a potion of mutation.
You feel extremely strange.
You feel resistant to poisons.
You feel clever.
You feel very sick. Something hits you.
You feel sick. Something hits you but does no damage.
You feel sick.
You hear some strange, mumbled words.
A puff of flame appears from out of thin air!
The puff of flame hits you!
* * * LOW HITPOINT WARNING * * *
You feel sick.
A puff of flame appears from out of thin air!
The puff of flame misses you.
You feel sick.
You feel sick.
An orc wizard appears from thin air!
Reactivating autopickup.
You feel sick.
There is a stone staircase leading up, spattered with blood here.
You feel sick.
You are no longer poisoned.
The orc wizard gestures at you while chanting.
The puff of flame hits you!
You die...

........##...........#
#####...##.#####...###
#############.### ##.#########
..........#.....# #...).....##
.....####.#.#.#.#######).......
.8.≈.##..................###.##
...≈....###.#o#.#####........##
≈.≈≈..### #.....####...........
≈.≈≈..# ##....@..............
≈.≈≈..# #..###(........#....
≈_≈≈..# #..# #.##.##)#.##.#.
≈≈≈≈..# #..# #.##.##.#......
≈≈≈...# #..# ...........#...
.....## #..#.#.##.##.##.# #.
.##### #..#.#.##.##.# .# ##
#..# #.##.##.# # #. #.#..#


You could see an orc wizard.

Vanquished Creatures
  Grinder (D:4)
  An ice beast (D:4)
  Crazy Yiuf (D:2)
  A gnoll bouda (D:3)
  Robin (D:2)
  12 gnolls
  4 adders
  2 worms
  2 dart slugs
  9 orcs
  3 ball pythons
  2 bats
  7 endoplasms
  3 giant cockroaches
  13 goblins
  12 hobgoblins
  5 kobolds
  3 quokkas
  A frilled lizard (D:1)
  6 rats
89 creatures vanquished.

Notes
Turn   | Place    | Note
-------+----------+-------------------------------------------
     0 | D:1      | Oxelix the Minotaur Hunter began the quest for the Orb.
     0 | D:1      | Reached XP level 1. HP: 18/18 MP: 0/0
    45 | D:1      | Reached XP level 2. HP: 18/25 MP: 1/1
   229 | D:1      | Reached skill level 5 in Ranged Weapons
   334 | D:1      | You fall into a shaft and drop 1 floor!
   353 | D:2      | Reached XP level 3. HP: 31/31 MP: 2/2
   566 | D:2      | Found a runed translucent door.
   567 | D:2      | Noticed Crazy Yiuf
   735 | D:2      | Found a faded altar of an unknown god.
   910 | D:2      | Reached XP level 4. HP: 39/39 MP: 3/3
  1046 | D:2      | Noticed Robin
  1054 | D:2      | Reached skill level 6 in Ranged Weapons
  1060 | D:2      | Killed Robin
  1745 | D:2      | Killed Crazy Yiuf
  1746 | D:2      | Reached XP level 5. HP: 29/46 MP: 4/4
  1755 | D:2      | Identified the +7 hammer "Qabbemer" {vorpal, rC+}
  1946 | D:3      | Found an iron altar of Okawaru.
  2824 | D:4      | Reached skill level 7 in Ranged Weapons
  2890 | D:3      | Reached XP level 6. HP: 30/55 MP: 5/5
  3284 | D:4      | Noticed an ice beast
  3315 | D:4      | Killed an ice beast
  3316 | D:4      | Reached skill level 5 in Fighting
  3527 | D:4      | Found a hazy altar of Hepliaklqana.
  3530 | D:4      | Noticed Grinder
  3541 | D:4      | Killed Grinder
  3542 | D:4      | Reached skill level 8 in Ranged Weapons
  3542 | D:4      | Reached XP level 7. HP: 52/62 MP: 6/6
  3672 | D:4      | Gained mutation: Your system is resistant to poisons.
                  | (rPois) [potion of mutation]
  3672 | D:4      | Gained mutation: Your mind is acute. (Int +4, Str/Dex -1)
                  | [potion of mutation]
  3679 | D:4      | Killed from afar by an orc wizard

Illustrated notes

Levels and vault maps discovered:
D:1:      saegor_arrival_miasma, layout_rooms
D:2:      layout_basic, hellmonk_ecumenical_altar_defaced_shrine, hex_tiny,
          uniq_robin, uniq_crazy_yiuf_cottage
D:3:      layout_basic, mainiacjoe_overflow_six_doors_small, serial_glass,
          glass_columns_a, glass_columns_a, glass_columns_a, glass_columns_a,
          glass_columns_a
D:4:      layout_loops_ring, mainiacjoe_overflow_catwalk, uniq_eustachio,
          uniq_grinder

Skill      XL: |  1  2  3  4  5  6 |
---------------+-------------------+-----
Fighting       | 3 4 5 |  5.8
Ranged Weapons | 5 6 7 8 |  8.3
Dodging        | |  2.1
Stealth        | |  0.7

Action                   |  1- 3 |  4- 6 |  7- 9 || total
-------------------------+-------+-------+-------++-------
 Fire: Shortbow          |    91 |   188 |    13 ||   292
       Sling             |       |     9 |       ||     9
  Use: Potion            |       |     5 |     1 ||     6
       Scroll            |       |     1 |       ||     1
Armor: Leather armour    |     3 |     4 |       ||     7
       Animal skin       |       |    27 |     3 ||    30
       Skin              |       |    20 |       ||    20
Dodge: Dodged            |     9 |    55 |     1 ||    65
